 Dungeon Crawl Stone Soup version 0.22-a0-247-gbddf880 (webtiles) character file.

23891 Amnesiac the Prestidigitator (level 12, -9/75 HPs)
             Began as a Deep Elf Artificer on Feb 25, 2018.
             Was an Initiate of Gozag.
             Killed from afar by a Tzitzimitl (41 damage)
             ... with a bolt of negative energy
             ... summoned by a deep elf demonologist
             ... on level 3 of the Elven Halls.
             The game lasted 00:56:09 (16728 turns).

Amnesiac the Prestidigitator (Deep Elf Artificer)  Turns: 16728, Time: 00:56:10

Health: -9/75      AC: 20    Str: 13    XL:     12   Next: 75%
Magic:  22/22      EV: 13    Int: 20    God:    Gozag
Gold:   3268       SH:  5    Dex: 20    Spells: 7/11 levels left

rFire    + . .     SeeInvis .   R - +7 dagger (distort)
rCold    . . .     Gourm    .   Q - +0 buckler
rNeg     . . .     Faith    .   o - +3 chain mail "Miemydoi" {rPois Dex+3 Slay+2}
rPois    +         Spirit   .   B - +0 helmet
rElec    .         Reflect  .   (no cloak)
rCorr    .         Harm     .   (no gloves)
MR       +....     Rnd*Rage +   h - +2 pair of boots {run}
Stlth    ..........             C - amulet of rage
HPRegen  0.22/turn              j - +3 ring of evasion
MPRegen  0.18/turn              M - ring of protection from fire

@: about to teleport, drained, quick
A: iridescent scales 1, agile 1, berserk 1, clever 1
a: Potion Petition, Call Merchant, Bribe Branch, Renounce Religion, Evoke
Berserk Rage


You were on level 3 of the Elven Halls.
You worshipped Gozag.
Gozag was most pleased with you.
You were not hungry.

You visited 4 branches of the dungeon, and saw 15 of its levels.
You also visited: Labyrinth.

You collected 3400 gold pieces.
You paid 132 gold pieces to Gozag.

Inventory:

Hand Weapons
 b - a +0 blowgun
 R - a +7 dagger of distortion (weapon)
Missiles
 n - 8 curare-tipped needles
 L - 70 poisoned needles
 O - 3 silver javelins
 V - 20 sling bullets
 W - 32 stones (quivered)
Armour
 d - a +0 robe of resistance
 h - a +2 pair of boots of running (worn)
 o - the +3 chain mail "Miemydoi" (worn) {rPois Dex+3 Slay+2}
   (You found it on level 5 of the Dungeon)

   It affects your dexterity (+3).
   It affects your accuracy and damage with ranged weapons and melee attacks
   (+2).
   It protects you from poison.
 B - a +0 helmet (worn)
 N - a +2 robe of magic resistance
 Q - a +0 buckler (worn)
Jewellery
 g - an uncursed ring of positive energy
 j - a +3 ring of evasion (left hand)
 C - an amulet of rage (around neck)
 D - an uncursed ring of ice
 F - a +4 ring of protection
 H - an uncursed ring of positive energy
 J - an uncursed ring of resist corrosion
 M - a ring of protection from fire (right hand)
Wands
 e - a wand of disintegration (2)
 k - a wand of iceblast (8)
 T - a wand of flame (15)
Scrolls
 a - a scroll of identify {!r}
 c - a scroll of blinking {!r}
 m - 4 scrolls of remove curse {!r}
 u - a scroll of teleportation {!r}
 v - 2 scrolls of amnesia {!r}
 w - a scroll of magic mapping {!r}
Potions
 l - 2 potions of curing {!q}
 q - 3 potions of invisibility {!q}
 s - a potion of berserk rage {!q}
 y - 3 potions of heal wounds {!q}
 E - 3 potions of flight {!q}
 I - a potion of cancellation {!q}
 K - a potion of magic {!q}
Miscellaneous
 t - a crystal ball of energy
Comestibles
 f - 12 rations


   Skills:
 * Level 8.5(7.7) Fighting
 - Level 10.0(9.1) Short Blades
 * Level 8.5(7.7) Armour
 + Level 8.4(7.6) Dodging
 - Level 4.0(3.3) Stealth
 - Level 4.0(3.3) Shields
 + Level 11.2(10.4) Evocations


You had 7 spell levels left.
You knew the following spells:

 Your Spells              Type           Power        Failure   Level  Hunger
a - Apportation           Tloc           #.....       99%         1    ##.....
b - Summon Small Mammal   Summ           #...         99%         1    ##.....
c - Summon Butterflies    Summ           #.......     99%         1    ##.....
z - Confusing Touch       Hex            #.....       99%         1    ##.....


Dungeon Overview and Level Annotations

Branches:
Dungeon (9/15)             Temple (1/1) D:4             Orc (2/2) D:9
    Elf (3/3) Orc:2
   Lair: D:8-11

Altars:
Ashenzari
Cheibriados
Dithmenos
Elyvilon
Fedhas
Gozag
Hepliaklqana
Kikubaaqudgha
Makhleb
Nemelex Xobeh
Okawaru
Qazlal
Ru
Sif Muna
Trog
Uskayaw
Vehumet
Wu Jian
Xom
Yredelemnul
Zin
The Shining One

Shops:
D:9 [   Orc:1 %   Orc:2 (=%!


Innate Abilities, Weirdness & Mutations

You are partially covered in iridescent scales. (AC +2)
You are agile. (Dex +2)
You tend to lose your temper in combat.
Your mind is acute. (Int +2)


Message History

Aiming: Throw Flame
Press: ? - help, Shift-Dir - straight line, f - deep elf mage
Aim: a deep elf mage, wielding a long sword (heavily wounded)
The puff of flame hits the deep elf mage.
You kill the deep elf mage!
Your life force feels restored.
You feel sick.
You puncture the deep elf annihilator!
The deep elf annihilator is lightly wounded.
The deep elf annihilator blinks!
You puncture the deep elf annihilator!
Space bends around the deep elf annihilator.
The deep elf annihilator is moderately wounded.
The deep elf annihilator closely misses you.
You completely miss the deep elf annihilator.
The deep elf annihilator is moderately wounded.
You barely miss the deep elf annihilator.
The deep elf annihilator is moderately wounded.
You feel sick.
The deep elf annihilator casts a spell at you.
The poison arrow misses you.
You completely miss the deep elf annihilator.
The deep elf annihilator is moderately wounded.
You closely miss the deep elf annihilator.
The deep elf annihilator is moderately wounded.
The deep elf annihilator casts a spell at you.
The poison arrow hits you!
You are more poisoned.
You partially resist.
* * * LOW HITPOINT WARNING * * *
You hit the deep elf annihilator.
The deep elf annihilator is moderately wounded.
The deep elf annihilator blinks!
You feel sick.
You feel sick.
You feel sick.
The deep elf annihilator casts a spell.
The deep elf annihilator blinks!
You feel sick.
You feel sick.
You enter a teleport trap!
The teleport trap disappears.
Your surroundings suddenly seem different.
You feel sick.
Found a scroll of identify.
You start resting.
You feel sick. x9
You are no longer poisoned.
You start resting.
A deep elf demonologist comes into view.
It is wielding a long sword.
The deep elf demonologist shouts!
The deep elf demonologist mumbles some strange words.
Really read
c - a scroll of blinking {!r}?
Okay, then.
Really read
m - 4 scrolls of remove curse {!r}?
Okay, then.
Really read
u - 2 scrolls of teleportation {!r}?
As you read the scroll of teleportation {!r}, it crumbles to dust.
You feel strangely unstable. The Tzitzimitl gestures at you.
The bolt of negative energy hits you!
You feel drained.
Ouch! That really hurt!
You die...
Your body crumbles into a pile of gold.

$ $ $ $ #.2# #≈≈#
#≈≈# #≈≈# #######
#..### ## +.....#
#..#.#######.
#.1####............
#...e......#######.
#.@######.## ##
#..# #.# #..# #.#
#..# #.# ...# #.#
##..# #.# #..# #.?#
#...


You could see a Tzitzimitl and a deep elf demonologist.

Vanquished Creatures
  Erolcha (D:9)
  6 two-headed ogres
  A fire crab (Orc:2)
  A deep troll (Orc:2)
  Pikel (D:8)
  5 deep elf magi
  3 cyclopes
  An orc sorcerer (Orc:2)
  10 trolls
  A hippogriff (D:7)
  Prince Ribbit (D:9)
  A shadow (Lab)
  A wyvern (D:8)
  2 basilisks (Lab)
  A fire elemental (Elf:2)
  2 yaks (D:9)
  2 wargs (Orc:2)
  5 bullfrogs
  4 sky beasts
  8 orc warriors
  4 slaves (D:8)
  A necrophage (D:6)
  An ice beast (D:8)
  18 ogres
  2 phantoms
  2 wolves
  3 centaurs
  A crocodile (D:6)
  5 big kobolds
  3 gnoll sergeants (D:9)
  A water moccasin zombie (D:8)
  3 scorpions
  6 killer bees
  4 howler monkeys
  3 crimson imps (D:6)
  A centaur zombie (D:7)
  8 hounds
  3 jellies
  5 orc priests
  2 iguanas
  7 orc wizards
  A bullfrog skeleton (D:4)
  Natasha (thrice) (D:2)
  7 worker ants
  The ghost of Amnesiac the Charlatan, a weakling DEAr (D:3)
  3 worker ant zombies
  7 adders
  13 gnolls
  5 shadow imps
  A white imp (D:6)
  An adder skeleton (D:4)
  2 adder zombies
  A worm (D:2)
  2 dart slugs
  4 leopard geckos
  33 orcs
  7 giant cockroaches
  5 hobgoblins
  4 jackals
  10 kobolds
  3 quokkas
  A ball python (D:1)
  9 bats
  9 frilled lizards
  5 goblins
  A goblin skeleton (D:6)
  2 hobgoblin zombies (D:6)
  2 kobold skeletons (D:6)
  3 kobold zombies (D:6)
  2 orc skeletons (D:6)
  8 rats
295 creatures vanquished.

Vanquished Creatures (collateral kills)
  An orc warrior (D:7)
  A sky beast (D:6)
  A killer bee (D:7)
  An ogre (D:5)
  An iguana (D:7)
  An orc wizard (D:5)
  An orc (D:7)
7 creatures vanquished.

Vanquished Creatures (others)
  A minotaur (Lab)
  2 ogre magi
  A two-headed ogre (Orc:2)
  A dancing weapon (Elf:1)
  A deep elf mage (D:6)
  2 trolls (Orc:2)
  2 yaks (D:9)
  3 orc warriors
  A sky beast (D:8)
  5 ogres (Orc:2)
  A killer bee (D:7)
  A hound (D:3)
  An adder (D:9)
  2 orcs
  A goblin (D:3)
25 creatures vanquished.

Grand Total: 327 creatures vanquished

Notes
Turn   | Place    | Note
-------+----------+-------------------------------------------
     0 | D:1      | Amnesiac the Deep Elf Artificer began the quest for the Orb.
     0 | D:1      | Reached XP level 1. HP: 11/11 MP: 5/5
   102 | D:1      | Identified a +1 pair of boots of running (You found it on level 1 of the Dungeon)
   334 | D:2      | Noticed Natasha
   338 | D:2      | Killed Natasha
   338 | D:2      | Reached skill level 4 in Evocations
   338 | D:2      | Reached XP level 2. HP: 14/16 MP: 7/7
   338 | D:2      | Reached XP level 3. HP: 17/20 MP: 8/8
   473 | D:4      | Found a staircase to the Ecumenical Temple.
   479 | Temple   | Entered the Ecumenical Temple
   656 | D:4      | Reached skill level 5 in Evocations
   656 | D:4      | Reached XP level 4. HP: 24/24 MP: 8/10
   855 | D:2      | Reached skill level 6 in Evocations
   879 | D:2      | Found a deep blue altar of Sif Muna.
  1052 | D:2      | Noticed Natasha
  1113 | D:3      | Found a shimmering altar of Xom.
  1193 | D:3      | Noticed Amnesiac's ghost (weakling DEAr)
  1294 | D:3      | Reached XP level 5. HP: 16/28 MP: 11/11
  1642 | D:5      | Entered Level 5 of the Dungeon
  1812 | D:5      | Got an ichor-stained chain mail
  1823 | D:5      | Identified the +3 chain mail "Miemydoi" {rPois Dex+3 Slay+2} (You found it on level 5 of the Dungeon)
  1851 | D:5      | Reached skill level 1 in Armour
  1889 | D:5      | Noticed an ogre
  1900 | D:5      | Killed an ogre
  1910 | D:5      | Reached XP level 6. HP: 14/33 MP: 12/12
  1919 | D:5      | Found a shattered altar of Ashenzari.
  2053 | D:5      | Killed a bullfrog
  3063 | D:2      | Killed Natasha
  3561 | D:3      | Reached XP level 7. HP: 34/40 MP: 14/14
  3664 | D:3      | Killed Amnesiac's ghost
  3947 | D:3      | Found a burning altar of Makhleb.
  4265 | D:2      | Noticed Natasha
  4298 | D:2      | Killed Natasha
  4407 | D:4      | Reached skill level 7 in Evocations
  5124 | D:5      | Found an opulent altar of Gozag.
  5158 | D:5      | Became a worshipper of Gozag Ym Sagoz the Greedy
  5426 | D:6      | Found a glowing golden altar of the Shining One.
  5562 | D:6      | Found a bloodstained altar of Trog.
  5562 | D:6      | Noticed a deep elf mage
  5569 | D:6      | Found an ancient bone altar of Kikubaaqudgha.
  5572 | D:6      | Found a transporter.
  5587 | D:6      | Found a transporter.
  6054 | D:6      | Reached XP level 8. HP: 48/48 MP: 15/15
  6672 | D:6      | Reached skill level 8 in Evocations
  6917 | D:7      | Noticed a hippogriff
  7348 | D:7      | Reached XP level 9. HP: 32/53 MP: 17/17
  7529 | D:7      | Reached skill level 5 in Armour
  7545 | D:7      | Noticed Joseph
  7547 | D:7      | Noticed Joseph
  7547 | D:7      | Joseph changed into Joseph the hornet
  7549 | D:7      | Noticed Joseph
  7549 | D:7      | Joseph the hornet changed into Joseph the crocodile
  8223 | D:7      | Reached skill level 5 in Fighting
  8223 | D:7      | Reached skill level 5 in Dodging
  8232 | D:7      | Found a shadowy altar of Dithmenos.
  8498 | D:6      | Killed Joseph the crocodile
  8622 | D:6      | Reached skill level 9 in Evocations
  9210 | D:7      | Found a glowing silver altar of Zin.
  9211 | D:7      | Found a shattered altar of Ashenzari.
  9215 | D:7      | Found a blossoming altar of Fedhas.
  9712 | D:7      | Got a spiked plate armour
  9733 | D:7      | Identified the cursed +1 plate armour "Qoisik" {Str+2} (You took it off a gnoll on level 7 of the Dungeon)
  9852 | D:8      | Found a hide-covered altar of Uskayaw.
 10258 | D:8      | Noticed Pikel
 10309 | D:8      | Killed Pikel
 10309 | D:8      | Reached XP level 10. HP: 60/60 MP: 19/19
 10401 | D:8      | Noticed Psyche
 10402 | D:8      | Noticed Psyche
 10402 | D:8      | Psyche changed into Psyche the wolf
 10417 | D:8      | Killed Psyche the wolf
 10775 | D:8      | Reached skill level 10 in Evocations
 11424 | D:9      | Found a staircase to the Orcish Mines.
 11936 | D:9      | Reached skill level 5 in Short Blades
 12075 | D:9      | Found Aplomoih's Antique Armour Boutique.
 12100 | D:9      | Noticed Erolcha
 12117 | D:9      | Killed Erolcha
 12186 | D:9      | Noticed Prince Ribbit
 12193 | D:9      | Killed Prince Ribbit
 12331 | D:9      | Noticed a two-headed ogre
 12572 | Orc:1    | Entered Level 1 of the Orcish Mines
 12610 | D:9      | Reached XP level 11. HP: 51/64 MP: 20/20
 12693 | Orc:1    | Found Warumi's Food Emporium.
 12925 | Orc:2    | Entered Level 2 of the Orcish Mines
 12933 | Orc:2    | Noticed an orc sorcerer
 12938 | Orc:2    | Killed an orc sorcerer
 13063 | Orc:2    | Found a staircase to the Elven Halls.
 13115 | Orc:2    | Noticed an orc knight
 13148 | Orc:1    | You fall through a shaft!
 13149 | Orc:2    | Found a labyrinth entrance.
 13166 | Orc:2    | Noticed a two-headed ogre
 13171 | Lab      | Entered a labyrinth
 13184 | Lab      | Learned a level 1 spell: Apportation
 13186 | Lab      | Learned a level 1 spell: Confusing Touch
 13188 | Lab      | Learned a level 1 spell: Summon Small Mammal
 13307 | Lab      | Noticed a minotaur
 13485 | Lab      | Banished a minotaur
 13915 | Orc:1    | Learned a level 1 spell: Summon Butterflies
 13929 | Orc:2    | Noticed an ettin
 13950 | Orc:2    | Reached skill level 10 in Short Blades
 14008 | Orc:2    | Killed a two-headed ogre
 14011 | Orc:2    | Noticed a fire crab
 14011 | Orc:2    | an orc knight changed into a fire crab
 14013 | Orc:2    | Killed a fire crab
 14177 | Orc:2    | Gained mutation: You are occasionally teleported next to monsters. [potion of mutation]
 14177 | Orc:2    | Gained mutation: Your system is resistant to poisons. (rPois) [potion of mutation]
 14177 | Orc:2    | Gained mutation: You tend to lose your temper in combat. [potion of mutation]
 14177 | Orc:2    | Gained mutation: You have a pair of small antennae on your head. [potion of mutation]
 14178 | Orc:2    | Lost mutation: Your system is resistant to poisons. (rPois) [potion of mutation]
 14178 | Orc:2    | Lost mutation: You have a pair of small antennae on your head. [potion of mutation]
 14178 | Orc:2    | Lost mutation: You tend to lose your temper in combat. [potion of mutation]
 14178 | Orc:2    | Lost mutation: You are occasionally teleported next to monsters. [potion of mutation]
 14178 | Orc:2    | Gained mutation: You are agile. (Dex +2) [potion of mutation]
 14178 | Orc:2    | Gained mutation: You are partially covered in iridescent scales. (AC +2) [potion of mutation]
 14178 | Orc:2    | Gained mutation: You tend to lose your temper in combat. [potion of mutation]
 14178 | Orc:2    | Gained mutation: Your mind is acute. (Int +2) [potion of mutation]
 14382 | Orc:2    | Noticed a two-headed ogre
 14406 | Orc:2    | Banished an ettin
 14421 | Orc:2    | Killed a two-headed ogre
 14487 | Orc:2    | Noticed a deep troll
 14513 | Orc:2    | Killed a deep troll
 14513 | Orc:2    | Reached XP level 12. HP: 52/72 MP: 21/21
 14540 | Orc:2    | Noticed a two-headed ogre
 14559 | Orc:2    | Killed a two-headed ogre
 14580 | Orc:2    | Noticed an ogre mage
 14618 | Orc:2    | Noticed an ogre mage
 14786 | Orc:2    | Noticed a two-headed ogre
 14957 | Orc:1    | Killed a two-headed ogre
 15020 | Orc:1    | Banished an ogre mage
 15062 | Orc:2    | Noticed a two-headed ogre
 15068 | Orc:2    | Banished a two-headed ogre
 15268 | Orc:2    | Found Goceett's Weapon Shop.
 15271 | Orc:2    | Found Sadyteish's Jewellery Shop.
 15275 | Orc:2    | Noticed a two-headed ogre
 15275 | Orc:2    | Found Bac Wihiu's Food Emporium.
 15281 | Orc:2    | Killed a two-headed ogre
 15282 | Orc:2    | Noticed a two-headed ogre
 15297 | Orc:2    | Found Jataog's Distillery.
 15311 | Orc:2    | Killed a two-headed ogre
 15594 | Orc:1    | Noticed an ettin
 15680 | Orc:2    | Reached skill level 11 in Evocations
 15847 | Orc:2    | Banished an ogre mage
 15863 | Elf:1    | Entered Level 1 of the Elven Halls
 15914 | Elf:1    | Noticed an orc high priest
 16160 | Elf:3    | Entered Level 3 of the Elven Halls
 16363 | Elf:3    | Noticed a deep elf sorcerer
 16367 | Elf:3    | Noticed a deep elf high priest
 16368 | Elf:3    | Noticed a deep elf demonologist
 16368 | Elf:3    | Noticed a deep elf demonologist
 16368 | Elf:3    | Noticed a deep elf death mage
 16647 | Elf:3    | Noticed a deep elf annihilator
 16727 | Elf:3    | Noticed a deep elf demonologist
 16728 | Elf:3    | Noticed a Tzitzimitl
 16728 | Elf:3    | Killed from afar by a Tzitzimitl

Vault maps used:
D:1:      mrwooster_arrival_statue_3, corexii_hall_statues_l
D:2:      lemuel_blue_sif_altar, uniq_natasha
D:3:      old_standard_altar, makhleb_heckhound_becter
D:4:      minmay_temple_entry_enclosed_plants, first_ration
D:5:      nicolae_gozag_seed_capital, ashenzari_altar_1
D:6:      gammafunk_temple_overflow_arena, nicolae_tso_besieged_by_evil
D:7:      minitemple, grunt_dithmenos_smoke_and_mirrors, uniq_joseph
D:8:      eat_drink_and_be_merry_uskayaw, blue_anna_alchemist, uniq_pikel,
          uniq_psyche
D:9:      kennysheep_orc_monster_closet_entryway, serial_shops, shop,
          uniq_prince_ribbit1, uniq_erolcha
Temple:   nicolae_temple_hex_pool
Orc:1:    serial_shops, shop
Orc:2:    st_orc_open, lab_entry_generic
Elf:1:    evilmike_minifort, grunt_megastairs_3
Elf:3:    elf_hall_gauntlet_wide, minmay_elf_annihilation
Lab:      labyrinth_hidden_loot, labyrinth_skeletal_remains,
          labyrinth_lava_lair, nicolae_lab_big_swirl, nicolae_lab_garden,
          nicolae_lab_grate_2

Skill      XL: |  1  2  3  4  5  6  7  8  9 10 11 12 |
---------------+-------------------------------------+-----
Evocations     | 4 5 6 7 8 9 10 11 | 11.2
Armour         | 2 3 4 5 6 7 8 |  8.5
Fighting       | 2 3 4 5 6 7 8 |  8.5
Dodging        | 3 4 6 7 8 |  8.4
Shields        | 2 4 |  4.0
Short Blades   | 8 10 | 10.0
Stealth        | 4 |  4.0

Action                   |  1- 3 |  4- 6 |  7- 9 | 10-12 || total
-------------------------+-------+-------+-------+-------++-------
Melee: Short sword       |    75 |     1 |       |       ||    76
       Dagger            |       |   115 |       |   526 ||   641
       Whip              |       |       |   154 |   261 ||   415
 Fire: Hunting sling     |       |    95 |   582 |       ||   677
Evoke: Wand              |     7 |    26 |    19 |    19 ||    71
  Use: Scroll            |     1 |     3 |     5 |    15 ||    24
       Potion            |       |       |     1 |     8 ||     9
 Stab: Sleeping          |     3 |     1 |       |     1 ||     5
       Confused          |       |     1 |       |       ||     1
       Paralysed         |       |     3 |       |       ||     3
       Distracted        |       |       |       |     4 ||     4
       Invisible         |       |       |       |     1 ||     1
  Eat: Chunk             |       |    23 |     5 |     4 ||    32
       Ration            |       |       |     2 |     5 ||     7
Armor: Leather armour    |    30 |    23 |       |       ||    53
       Chain mail        |       |    56 |   372 |   258 ||   686
Dodge: Dodged            |    62 |    87 |   313 |   285 ||   747
Block: Buckler           |       |       |     8 |   115 ||   123

Table legend:
 A = Spawn XP
 B = Non-spawn XP
 C = Spawn XP percentage of total XP
 D = Spawn monster count
 E = Non-spawn monster count
 F = Spawn count percentage of total count
 G = Total turns spent on level
                    A         B        C        D         E        F      G
               +---------+---------+-------+---------+---------+-------+---------
         Total |       0 |   34131 |   0.0 |       0 |     320 |   0.0 | 16728
               +---------+---------+-------+---------+---------+-------+---------
           D:1 |       0 |      27 |   0.0 |       0 |      17 |   0.0 |   814
           D:2 |       0 |     179 |   0.0 |       0 |      26 |   0.0 |  1214
           D:3 |       0 |     209 |   0.0 |       0 |      23 |   0.0 |  1136
           D:4 |       0 |     333 |   0.0 |       0 |      18 |   0.0 |  1194
           D:5 |       0 |     383 |   0.0 |       0 |      15 |   0.0 |   963
           D:6 |       0 |    1100 |   0.0 |       0 |      28 |   0.0 |  2399
           D:7 |       0 |    1436 |   0.0 |       0 |      30 |   0.0 |  1815
           D:8 |       0 |    2697 |   0.0 |       0 |      35 |   0.0 |  1427
           D:9 |       0 |    4398 |   0.0 |       0 |      43 |   0.0 |  1589
         Orc:1 |       0 |    3216 |   0.0 |       0 |      13 |   0.0 |  1237
         Orc:2 |       0 |   14886 |   0.0 |       0 |      60 |   0.0 |  1679
         Elf:1 |       0 |    1994 |   0.0 |       0 |       4 |   0.0 |    62
         Elf:2 |       0 |     192 |   0.0 |       0 |       1 |   0.0 |   235
         Elf:3 |       0 |    1663 |   0.0 |       0 |       3 |   0.0 |   568
           Lab |       0 |    1418 |   0.0 |       0 |       4 |   0.0 |   338
               +---------+---------+-------+---------+---------+-------+---------
